 Dungeon Crawl Stone Soup version 0.23.2 (webtiles) character file.

Game seed: 17155773195844023142

192 Fang the Skirmisher (level 5, -2/34 HPs)
             Began as a Gargoyle Berserker on Apr 4, 2019.
             Was a Priest of Trog.
             Slain by an orc (3 damage)
             ... on level 3 of the Dungeon.
             The game lasted 00:02:25 (1787 turns).

Fang the Skirmisher (Gargoyle Berserker)            Turns: 1787, Time: 00:02:26

Health: -2/34      AC:  6    Str: 22    XL:     5   Next: 71%
Magic:  0/5        EV: 12    Int:  7    God:    Trog [***...]
Gold:   60         SH:  0    Dex:  9    Spells: 4/4 levels left

rFire    . . .     SeeInvis .   a - +0 war axe
rCold    . . .     Gourm    .   (no shield)
rNeg     + . .     Faith    .   b - +0 animal skin
rPois    ∞         Spirit   +   (no helmet)
rElec    +         Reflect  .   l - scarf {Spirit}
rCorr    .         Harm     .   (no gloves)
MR       .....                  (no boots)
Stlth    +.........             p - amulet of guardian spirit
HPRegen  0.11/turn              (no ring)
MPRegen  0.09/turn              (no ring)

@: no status effects
A: negative energy resistance 1, electricity resistance, unbreathing,
petrification resistance, rot immunity, AC +4
a: Berserk, Trog's Hand, Renounce Religion


You were on level 3 of the Dungeon.
You worshipped Trog.
Trog was most pleased with you.
You were hungry.

You visited 1 branch of the dungeon, and saw 3 of its levels.

You collected 60 gold pieces.

Inventory:

Hand Weapons
 a - a +0 war axe (weapon)
Armour
 b - a +0 animal skin (worn)
 l - a scarf of spirit shield (worn)
Jewellery
 p - an amulet of guardian spirit (around neck)
Scrolls
 h - 3 scrolls of identify {unknown}
 k - a scroll of enchant weapon {unknown}
 n - a scroll of remove curse {unknown}
Potions
 d - a potion of berserk rage {unknown}
 e - a potion of resistance {unknown}
 f - 3 potions of flight {unknown}
 g - a potion of ambrosia {unknown}
 i - 2 potions of heal wounds {unknown}
 j - 2 potions of agility {unknown}
 m - a potion of degeneration {unknown}
 o - a potion of might {unknown}
 q - 3 potions of lignification {unknown}
Comestibles
 c - 6 rations
 r - 12 chunks of flesh


   Skills:
 + Level 4.3 Fighting
 + Level 3.6 Axes
 + Level 3.6 Armour
 + Level 2.7 Dodging


You had 4 spell levels left.
You didn't know any spells.
Your spell library was empty.

Dungeon Overview and Level Annotations

Branches:
Dungeon (3/15)

Altars:


Innate Abilities, Weirdness & Mutations

You are resistant to torment.
Your stone body is resilient. (AC +4)
You are immune to poison.
You resist negative energy. (rN+)
You are resistant to electric shocks. (rElec)
You can survive without breathing.
You are immune to petrification.
You are immune to rotting.


Message History

You miss the bat. You barely miss the orc. You closely miss the orc.
You hit the hobgoblin but do no damage. You closely miss the adder.
You barely miss the ooze. The bat hits you but does no damage.
The adder bites you but does no damage.
The hobgoblin hits you but does no damage.
The orc misses you. x2; The ooze closely misses you.
The adder bites you.
You hit the bat.
The bat is severely wounded.
You slash the ooze!
You kill the ooze!
Trog accepts your kill.
You hit the adder. You hit the hobgoblin. You hit the orc. x2
You barely miss the orc. The bat barely misses you. The bat hits you.
* * * LOW HITPOINT WARNING * * *
The hobgoblin hits you with a +0 morningstar!
* * * LOW HITPOINT WARNING * * *
The orc hits you but does no damage. x2
The adder bites you but does no damage. The orc hits you but does no damage.
The orc hits you.
You die...

.......... #..#...#.....
........#. #..#...#.....
....#..... #..........#
#......... ...........
#.....?...
.........######(b.......
.........##....(........
..............(.Sg......
#...............@oo.....
.....###........oo......
.....# #......#.........
.....###......#b........
.......#......##.#.####.
.......#......##.....
..............##......
..............##......
...#...........


You could see an adder, 4 orcs, a hobgoblin and 2 bats.

Vanquished Creatures
  Natasha (thrice) (D:2)
  3 adders
  2 oozes
  4 dart slugs
  2 leopard geckos (D:1)
  4 orcs
  3 ball pythons
  3 giant cockroaches
  4 goblins
  8 hobgoblins
  6 jackals
  6 kobolds
  9 bats
  10 rats
67 creatures vanquished.

Notes
Turn   | Place    | Note
-------+----------+-------------------------------------------
     0 | D:1      | Fang the Gargoyle Berserker began the quest for the Orb.
     0 | D:1      | Reached XP level 1. HP: 14/14 MP: 1/1
    20 | D:1      | Reached XP level 2. HP: 14/19 MP: 2/2
   153 | D:1      | Reached ** piety under Trog
   233 | D:1      | Reached XP level 3. HP: 21/23 MP: 3/3
   848 | D:2      | Reached XP level 4. HP: 29/29 MP: 4/4
  1121 | D:2      | Noticed Natasha
  1128 | D:2      | Killed Natasha
  1330 | D:2      | Reached skill level 4 in Fighting
  1403 | D:2      | Noticed Natasha
  1416 | D:2      | Killed Natasha
  1416 | D:2      | Reached XP level 5. HP: 11/33 MP: 1/5
  1602 | D:2      | Noticed Natasha
  1611 | D:2      | Killed Natasha
  1654 | D:3      | Reached *** piety under Trog
  1667 | D:2      | HP: 2/49 [orc/+0 flail (3)]
  1787 | D:3      | HP: 1/34 [hobgoblin/+0 morningstar (6)]
  1787 | D:3      | Slain by an orc

Skill      XL: |  1  2  3  4 |
---------------+-------------+-----
Axes           | 3 |  3.6
Dodging        | 2 |  2.7
Armour         | 3 |  3.6
Fighting       | 4 |  4.3

Action                   |  1- 3 |  4- 6 || total
-------------------------+-------+-------++-------
Melee: Hand axe          |   107 |    72 ||   179
       War axe           |       |     7 ||     7
Invok: Berserk           |       |     3 ||     3
       Trog's Hand       |       |     1 ||     1
 Stab: Sleeping          |     1 |       ||     1
  Eat: Chunk             |       |     6 ||     6
Armor: Animal skin       |    56 |    48 ||   104
Dodge: Dodged            |    67 |   107 ||   174
